MLB
DETROIT TIGERS @ SEATTLE MARINERS
07/03/2045
 
TOP OF THE 1ST
Detroit Tigers batting - Pitching for Seattle Mariners : RHP Yuri Bijleveld
Pitching: RHP Yuri Bijleveld
Batting: RHB Adrian Novakovic 0-0: Called Strike
0-1: Ball
1-1: Foul Ball, location: 2F
1-2: SINGLE (Groundball, 25, EV 69.4 MPH) (infield hit)
Batting: RHB Luke Feeney 0-0: Ball
1-0: Foul Ball, location: 2F
1-1: Foul Ball, location: 2F
1-2: Ball
2-2: Ball
3-2: Strikes out looking
Batting: RHB Randy Shrewsbury 0-0: Called Strike
Adrian Novakovic is caught stealing 2nd base 2-4
0-1: Swinging Strike
0-2: Ball
1-2: Strikes out looking
Top of the 1st over - 0 runs, 1 hit, 0 errors, 0 left on base; Detroit 0 - Seattle 0
BOTTOM OF THE 1ST
Seattle Mariners batting - Pitching for Detroit Tigers : RHP Kevin Hockenbury
Pitching: RHP Kevin Hockenbury
Batting: LHB Dae-ik Yoon 0-0: Ball
1-0: Called Strike
1-1: SINGLE (Groundball, 6MD, EV 101.9 MPH)
Batting: SHB Floyd-William Goof 0-0: Ball
1-0: Ball
2-0: Ball
Dae-ik Yoon steals 2nd, throwing error, E2
Dae-ik Yoon to third
3-0: Called Strike
3-1: Base on Balls
Batting: RHB Willie Cardamone 0-0: Ball
1-0: Ball
2-0: Swinging Strike
2-1: Called Strike
2-2: Ball
Wild Pitch!
Dae-ik Yoon scores
Floyd-William Goof to second
3-2: Foul Ball, location: 2F
3-2: Strikes out looking
Batting: SHB Tze-meng Gan 0-0: Ball
1-0: Foul Ball, location: 2F
1-1: Fly out, F8 (Flyball, 8RXD, EV 76.9 MPH)
Runner from 2nd tags up, SAFE at 3rd, no throw by CF
Batting: LHB Bi-jun Chien 0-0: Ball
1-0: Foul Ball, location: 2F
1-1: Swinging Strike
1-2: Foul Ball, location: 2F
1-2: Foul Ball, location: 2F
1-2: Strikes out swinging
Bottom of the 1st over - 1 run, 1 hit, 1 error, 1 left on base; Detroit 0 - Seattle 1
TOP OF THE 2ND
Detroit Tigers batting - Pitching for Seattle Mariners : RHP Yuri Bijleveld
Batting: LHB Morgan Black 0-0: Ball
1-0: Foul Ball, location: 2F
1-1: Foul Ball, location: 2F
1-2: Strikes out looking
Batting: RHB Ryan Neal 0-0: Ground out 6-3 (Groundball, 6MD, EV 87.5 MPH)
Batting: RHB Dave Reynolds 0-0: Ball
1-0: Called Strike
1-1: Swinging Strike
1-2: Ball
2-2: Strikes out swinging
Top of the 2nd over - 0 runs, 0 hits, 0 errors, 0 left on base; Detroit 0 - Seattle 1
BOTTOM OF THE 2ND
Seattle Mariners batting - Pitching for Detroit Tigers : RHP Kevin Hockenbury
Batting: RHB Jose Vasquez 0-0: Called Strike
0-1: Ball
1-1: Swinging Strike
1-2: Fly out, F7 (Flyball, 7LS, EV 89.4 MPH)
Batting: RHB Steve Bartman Jr. 0-0: SINGLE (Groundball, 23, EV 65.6 MPH) (infield hit)
Batting: RHB Jimmy Hammertime 0-0: Called Strike
0-1: Ball
1-1: Called Strike
1-2: Ball
2-2: Strikes out looking
Batting: RHB Young-kwang Ohnn 0-0: Ground out 4-3 (Groundball, 34, EV 80.6 MPH)
Bottom of the 2nd over - 0 runs, 1 hit, 0 errors, 1 left on base; Detroit 0 - Seattle 1
TOP OF THE 3RD
Detroit Tigers batting - Pitching for Seattle Mariners : RHP Yuri Bijleveld
Batting: LHB Emmanuel Gaskin 0-0: Ball
1-0: Called Strike
1-1: Called Strike
1-2: Strikes out swinging
Batting: RHB Danny Eberhart 0-0: Ground out 5-3 (Groundball, 56, EV 107.5 MPH)
Batting: RHB Dave Calder 0-0: Ball
1-0: Called Strike
1-1: Foul Ball, location: 2F
1-2: Foul Ball, location: 2F
1-2: Strikes out swinging
Top of the 3rd over - 0 runs, 0 hits, 0 errors, 0 left on base; Detroit 0 - Seattle 1
BOTTOM OF THE 3RD
Seattle Mariners batting - Pitching for Detroit Tigers : RHP Kevin Hockenbury
Batting: LHB Dae-ik Yoon 0-0: Ball
1-0: Called Strike
1-1: Ball
2-1: Ball
3-1: Base on Balls
Batting: SHB Floyd-William Goof 0-0: Ball
1-0: Called Strike
1-1: Called Strike
Dae-ik Yoon steals 2nd base
1-2: Fly out, F6 (Popup, 4MS, EV 80.6 MPH)
Batting: RHB Willie Cardamone 0-0: Called Strike
0-1: Foul Ball, location: 2F
0-2: Strikes out swinging
Batting: SHB Tze-meng Gan 0-0: Ball
1-0: Called Strike
1-1: Ball
2-1: Ball
3-1: Ground out 1-3 (Groundball, 23, EV 66.9 MPH)
Bottom of the 3rd over - 0 runs, 0 hits, 0 errors, 1 left on base; Detroit 0 - Seattle 1
TOP OF THE 4TH
Detroit Tigers batting - Pitching for Seattle Mariners : RHP Yuri Bijleveld
Batting: RHB Adrian Novakovic 0-0: Swinging Strike
0-1: SINGLE (Groundball, 6D, EV 107.5 MPH)
Batting: RHB Luke Feeney 0-0: Called Strike
0-1: Ball
1-1: Swinging Strike
1-2: Ball
2-2: Ball
3-2: Base on Balls
Adrian Novakovic to second
Batting: RHB Randy Shrewsbury 0-0: Called Strike
0-1: Ball
1-1: Grounds into double play, 4-6-3 (Groundball, 34, EV 76.9 MPH)
Adrian Novakovic to third
Batting: LHB Morgan Black 0-0: Called Strike
0-1: Fly out, F8 (Line Drive, 8RD, EV 86.9 MPH)
Top of the 4th over - 0 runs, 1 hit, 0 errors, 1 left on base; Detroit 0 - Seattle 1
BOTTOM OF THE 4TH
Seattle Mariners batting - Pitching for Detroit Tigers : RHP Kevin Hockenbury
Batting: LHB Bi-jun Chien 0-0: Ground out 5-3 (Groundball, 56, EV 88.1 MPH)
Batting: RHB Jose Vasquez 0-0: Foul Ball, location: 2F
0-1: Called Strike
0-2: Ball
1-2: Foul Ball, location: 2F
1-2: Ground out 6-3 (Groundball, 6, EV 101.2 MPH)
Batting: RHB Steve Bartman Jr. 0-0: Called Strike
0-1: Foul Ball, location: 2F
0-2: Strikes out swinging
Bottom of the 4th over - 0 runs, 0 hits, 0 errors, 0 left on base; Detroit 0 - Seattle 1
TOP OF THE 5TH
Detroit Tigers batting - Pitching for Seattle Mariners : RHP Yuri Bijleveld
Batting: RHB Ryan Neal 0-0: Foul Ball, location: 2F
0-1: Foul Ball, location: 2F
0-2: Foul Ball, location: 2F
0-2: Fly out, F8 (Flyball, 8LM, EV 83.1 MPH)
Batting: RHB Dave Reynolds 0-0: Ball
1-0: Called Strike
1-1: Ground out U3 (Groundball, 3L, EV 85.6 MPH)
Batting: LHB Emmanuel Gaskin 0-0: Called Strike
0-1: Ball
1-1: Foul Ball, location: 2F
1-2: Foul Ball, location: 2F
1-2: Foul Ball, location: 2F
1-2: Ball
2-2: Ground out 6-3 (Groundball, 4MS, EV 81.9 MPH)
Top of the 5th over - 0 runs, 0 hits, 0 errors, 0 left on base; Detroit 0 - Seattle 1
BOTTOM OF THE 5TH
Seattle Mariners batting - Pitching for Detroit Tigers : RHP Kevin Hockenbury
Batting: RHB Jimmy Hammertime 0-0: Ball
1-0: Swinging Strike
1-1: Foul Ball, location: 2F
1-2: Fly out, F9 (Flyball, 9LS, EV 85.6 MPH)
Batting: RHB Young-kwang Ohnn 0-0: Called Strike
0-1: Ground out 4-3 (Groundball, 4, EV 85.0 MPH)
Batting: LHB Dae-ik Yoon 0-0: Ground out 6-3 (Groundball, 6M, EV 85.6 MPH)
Bottom of the 5th over - 0 runs, 0 hits, 0 errors, 0 left on base; Detroit 0 - Seattle 1
TOP OF THE 6TH
Detroit Tigers batting - Pitching for Seattle Mariners : RHP Yuri Bijleveld
Batting: RHB Danny Eberhart 0-0: Called Strike
0-1: Foul Ball, location: 2F
0-2: Ground out 4-3 (Groundball, 4, EV 100.6 MPH)
Batting: RHB Dave Calder 0-0: Called Strike
0-1: Ball
1-1: Ball
2-1: Ground out 4-3 (Groundball, 4, EV 82.5 MPH)
Batting: RHB Adrian Novakovic 0-0: Ball
1-0: Ball
2-0: Fly out, F6 (Line Drive, 6, EV 72.5 MPH)
Top of the 6th over - 0 runs, 0 hits, 0 errors, 0 left on base; Detroit 0 - Seattle 1
BOTTOM OF THE 6TH
Seattle Mariners batting - Pitching for Detroit Tigers : RHP Kevin Hockenbury
Batting: SHB Floyd-William Goof 0-0: Ball
1-0: SOLO HOME RUN (Flyball, 7LD, EV 98.1 MPH), Distance : 350 ft
Batting: RHB Willie Cardamone 0-0: Ground out 6-3 (Groundball, 6, EV 81.9 MPH)
Batting: SHB Tze-meng Gan 0-0: Called Strike
0-1: Ball
1-1: Swinging Strike
1-2: Strikes out looking
Batting: LHB Bi-jun Chien 0-0: Ball
1-0: Ground out 4-3 (Groundball, 4, EV 91.9 MPH)
Bottom of the 6th over - 1 run, 1 hit, 0 errors, 0 left on base; Detroit 0 - Seattle 2
TOP OF THE 7TH
Detroit Tigers batting - Pitching for Seattle Mariners : RHP Yuri Bijleveld
Batting: RHB Luke Feeney 0-0: SINGLE (Line Drive, 8RS, EV 94.4 MPH)
Batting: RHB Randy Shrewsbury 0-0: Ball
1-0: Ball
2-0: Ball
Luke Feeney steals 2nd base
3-0: Base on Balls
Batting: LHB Morgan Black 0-0: Ball
1-0: Ball
2-0: Ball
3-0: Base on Balls
Luke Feeney to third
Randy Shrewsbury to second
Pitching: RHP David Sly
Batting: RHB Ryan Neal 0-0: Called Strike
0-1: Ball
1-1: Ball
2-1: Ground out 6-3 (Groundball, 6S, EV 71.2 MPH)
Luke Feeney scores
Randy Shrewsbury to third
Morgan Black to second
Batting: RHB Dave Reynolds 0-0: Foul Ball, location: 2F
0-1: Swinging Strike
0-2: Foul Ball, location: 2F
0-2: Ball
1-2: Foul Ball, location: 2F
1-2: Fly out, F7 (Flyball, 7D, EV 83.1 MPH)
Runner from 3rd tags up, SCORES, no throw by LF
Morgan Black to third
Batting: LHB Emmanuel Gaskin 0-0: Ball
1-0: Ball
2-0: Ball
3-0: Base on Balls
Pinch Hitting: RHB Greg Harman 0-0: Foul Ball, location: 2F
0-1: Called Strike
0-2: Ball
1-2: Ball
2-2: Ball
3-2: Strikes out swinging
Top of the 7th over - 2 runs, 1 hit, 0 errors, 2 left on base; Detroit 2 - Seattle 2
BOTTOM OF THE 7TH
Seattle Mariners batting - Pitching for Detroit Tigers : RHP Kevin Hockenbury
Now at 1B: Greg Harman
Batting: RHB Jose Vasquez 0-0: Ball
1-0: Ball
2-0: Foul Ball, location: 2F
2-1: Fly out, F5 (Flyball, 5D, EV 87.5 MPH)
Batting: RHB Steve Bartman Jr. 0-0: Fly out, F3 (Popup, 3SF, EV 80.0 MPH)
Batting: RHB Jimmy Hammertime 0-0: Ball
1-0: DOUBLE (Flyball, 78XD, EV 102.5 MPH)
Batting: RHB Young-kwang Ohnn 0-0: Ball
1-0: Called Strike
1-1: Called Strike
1-2: SINGLE (Groundball, 6S, EV 68.1 MPH) (infield hit)
Jimmy Hammertime to third
Batting: LHB Dae-ik Yoon 0-0: Ball
1-0: Called Strike
1-1: Called Strike
1-2: Ball
2-2: Foul Ball, location: 2F
2-2: Ball
3-2: Base on Balls
Young-kwang Ohnn to second
Batting: SHB Floyd-William Goof 0-0: Ball
1-0: Ball
2-0: Ball
3-0: Called Strike
3-1: Foul Ball, location: 2F
3-2: Strikes out swinging
Bottom of the 7th over - 0 runs, 2 hits, 0 errors, 3 left on base; Detroit 2 - Seattle 2
TOP OF THE 8TH
Detroit Tigers batting - Pitching for Seattle Mariners : RHP David Sly
Pitching: RHP Jacob Taylor
Batting: RHB Dave Calder 0-0: Foul Ball, location: 2F
0-1: Ball
1-1: Ball
2-1: SINGLE (Groundball, 6D, EV 104.4 MPH)
Batting: RHB Adrian Novakovic 0-0: Ball
1-0: Swinging Strike
1-1: Called Strike
1-2: Ball
2-2: Fly out, F7 (Flyball, 78S, EV 90.0 MPH)
Batting: RHB Luke Feeney 0-0: Foul Ball, location: 2F
0-1: Swinging Strike
0-2: Foul Ball, location: 2F
0-2: Ball
1-2: Strikes out swinging
Batting: RHB Randy Shrewsbury 0-0: Called Strike
0-1: Ball
1-1: Ball
2-1: Called Strike
2-2: Strikes out swinging
Top of the 8th over - 0 runs, 1 hit, 0 errors, 1 left on base; Detroit 2 - Seattle 2
BOTTOM OF THE 8TH
Seattle Mariners batting - Pitching for Detroit Tigers : RHP Kevin Hockenbury
Pitching: RHP Eric Putnam
Batting: RHB Willie Cardamone 0-0: Called Strike
0-1: Foul Ball, location: 2F
0-2: Ball
1-2: Strikes out swinging
Batting: SHB Tze-meng Gan 0-0: Called Strike
0-1: Ball
1-1: Ball
2-1: SINGLE (Groundball, 3D, EV 96.2 MPH)
Batting: LHB Bi-jun Chien 0-0: Ball
1-0: Grounds into double play, 1-6-3 (Groundball, 13S, EV 65.0 MPH)
Bottom of the 8th over - 0 runs, 1 hit, 0 errors, 0 left on base; Detroit 2 - Seattle 2
TOP OF THE 9TH
Detroit Tigers batting - Pitching for Seattle Mariners : RHP Jacob Taylor
Pitching: LHP Lance Crumpton
Pinch Hitting: RHB Brady Jeleniewski 0-0: Ball
1-0: Ball
2-0: Ball
3-0: Called Strike
3-1: Base on Balls
Batting: RHB Ryan Neal 0-0: Ball
1-0: Ball
2-0: Ball
3-0: Base on Balls
Brady Jeleniewski to second
Batting: RHB Dave Reynolds 0-0: Called Strike
0-1: Foul Ball, location: 2F
0-2: Ball
1-2: Foul Ball, location: 2F
1-2: Ground out 5-3 (Groundball, 56S, EV 70.0 MPH)
Brady Jeleniewski to third
Ryan Neal to second
Batting: LHB Emmanuel Gaskin 0-0: Called Strike
0-1: Fly out, F8 (Flyball, 8LXD, EV 102.5 MPH)
Runner from 3rd tags up, SCORES, no throw by CF
Ryan Neal to third
Pitching: RHP Rich Ortega
Batting: RHB Greg Harman 0-0: Ball
1-0: Ball
2-0: Foul Ball, location: 2F
2-1: Swinging Strike
2-2: Strikes out swinging
Top of the 9th over - 1 run, 0 hits, 0 errors, 1 left on base; Detroit 3 - Seattle 2
BOTTOM OF THE 9TH
Seattle Mariners batting - Pitching for Detroit Tigers : RHP Eric Putnam
Pitching: RHP Riso Profanter
Now in LF: Brady Jeleniewski
Batting: RHB Jose Vasquez 0-0: Ball
1-0: Ball
2-0: Ball
3-0: Called Strike
3-1: Fly out, F8 (Line Drive, 8LD, EV 86.9 MPH)
Batting: RHB Steve Bartman Jr. 0-0: Called Strike
0-1: Ball
1-1: SINGLE (Line Drive, 6MD, EV 97.5 MPH)
Batting: RHB Jimmy Hammertime 0-0: Ball
1-0: Called Strike
1-1: Ball
2-1: Foul Ball, location: 2F
2-2: Grounds into double play, 6-4-3 (Groundball, 6, EV 81.9 MPH)
Bottom of the 9th over - 0 runs, 1 hit, 0 errors, 0 left on base; Detroit 3 - Seattle 2
Wednesday, June 22nd , 2022 - OOTP Baseball 23.4 Build 64